 Dungeon Crawl Stone Soup version 0.24.0-123-gd5b16e6ec5 (webtiles) character file.

Game seed: 5274717664930530911, levelgen mode: deterministic

471 sagitran the Poker (level 7, -1/52 HPs)
             Began as a Merfolk Gladiator on Dec 25, 2019.
             Slain by Duvessa
             ... wielding a +0 short sword
              (8 damage)
             ... on level 4 of the Dungeon.
             The game lasted 00:08:30 (3115 turns).

sagitran the Poker (Merfolk Gladiator)              Turns: 3115, Time: 00:08:31

Health: -1/52      AC:  4    Str: 13 (16) XL:     7   Next: 9%
Magic:  7/7        EV: 15    Int:  7 (8)  God:
Gold:   147        SH:  0    Dex: 14 (15) Spells: 6/6 levels left

rFire    . . .     SeeInvis .   a - +0 trident
rCold    . . .     Gourm    .   (no shield)
rNeg     . . .     Faith    .   b - +0 leather armour
rPois    .         Spirit   .   c - +0 helmet
rElec    .         Reflect  .   (no cloak)
rCorr    .         Harm     .   (no gloves)
MR       .....                  (no boots)
Stlth    +.........             (no amulet)
HPRegen  0.17/turn              (no ring)
MPRegen  0.10/turn              (no ring)

@: glowing
A: change form in water, swift swim, stealthy swim
a: no special abilities


You were on level 4 of the Dungeon.
You were hungry.

You visited 1 branch of the dungeon, and saw 4 of its levels.

You collected 147 gold pieces.

Inventory:

Hand Weapons
 a - a +0 trident (weapon)
Missiles
 d - a throwing net (quivered)
Armour
 b - a +0 leather armour (worn)
 c - a +0 helmet (worn)
Jewellery
 q - an uncursed ring of positive energy {unknown}
Wands
 m - a wand of acid (5)
 t - a wand of random effects (13)
Scrolls
 e - a scroll of noise {unknown}
 g - 3 scrolls of remove curse {unknown}
 h - 2 scrolls of teleportation {unknown}
 j - a scroll of enchant weapon {unknown}
 o - a scroll of enchant armour {unknown}
 r - a scroll of fear {unknown}
 s - a scroll of fog {unknown}
 v - a scroll of magic mapping {unknown}
 w - a scroll of identify {unknown}
Potions
 k - a potion of brilliance
Comestibles
 f - 6 rations


   Skills:
 + Level 3.3 Fighting
 + Level 7.9 Polearms
 + Level 2.1 Throwing
 + Level 1.9 Armour
 + Level 5.8 Dodging
 + Level 2.4 Stealth


You had 6 spell levels left.
You didn't know any spells.
Your spell library was empty.

Dungeon Overview and Level Annotations

Branches:
Dungeon (4/15)
 Temple: D:4-7

Altars:
Elyvilon
Gozag
Ru

Shops:
D:2 *

Annotations:
D:3 3 runed translucent doors, Nebesus's ghost, amateur GrHu
D:4 Dowan; Duvessa


Message History

You are outlined in light.
You hit Duvessa.
Duvessa is moderately wounded.
Duvessa closely misses you. Dowan hits you with a +0 dagger.
* * * LOW HITPOINT WARNING * * *
Duvessa closely misses you.
You closely miss Duvessa.
Duvessa is moderately wounded.
Duvessa hits you with a +0 short sword.
* * * LOW HITPOINT WARNING * * *
Dowan hits you but does no damage.
You barely miss Duvessa.
Duvessa is moderately wounded.
Duvessa barely misses you. Dowan completely misses you.
You hit Duvessa but do no damage.
Duvessa is moderately wounded.
Duvessa hits you with a +0 short sword.
* * * LOW HITPOINT WARNING * * *
Duvessa hits you with a +0 short sword!
You die...

##### #%..# ##### #...#
########## ......##@..###
#......... ......Se.e.'.#
#.####....
......##...#.###.####....
..... +...'.............
###+ #...#......#######
######......# #
#...........# #
######.###'#######. #.#
#.......#.


You could see Duvessa, Dowan and a ball python.

Vanquished Creatures
  Sigmund (D:3)
  A centaur (D:2)
  A scorpion (D:4)
  3 orc wizards (D:3)
  4 adders
  A worm (D:2)
  2 dart slugs (D:2)
  2 leopard geckos
  9 orcs
  3 ball pythons
  4 giant cockroaches
  8 goblins
  2 hobgoblins
  7 jackals
  2 quokkas (D:4)
  5 bats
  4 frilled lizards
  3 kobolds
  6 rats
68 creatures vanquished.

Notes
Turn   | Place    | Note
-------+----------+-------------------------------------------
     0 | D:1      | sagitran the Merfolk Gladiator began the quest for the Orb.
     0 | D:1      | Reached XP level 1. HP: 16/16 MP: 1/1
   155 | D:1      | Reached XP level 2. HP: 22/22 MP: 2/2
   188 | D:1      | Reached skill level 5 in Polearms
   871 | D:2      | Found an opulent altar of Gozag.
   871 | D:2      | Found Gozag's Platinum Reserve.
   892 | D:2      | Found a white marble altar of Elyvilon.
   904 | D:2      | Reached XP level 3. HP: 7/27 MP: 3/3
   981 | D:2      | Reached skill level 1 in Stealth
   983 | D:2      | Noticed a centaur
  1148 | D:2      | Killed a centaur
  1148 | D:2      | Reached skill level 6 in Polearms
  1148 | D:2      | Reached XP level 4. HP: 3/34 MP: 4/4
  1486 | D:2      | Reached XP level 5. HP: 23/39 MP: 5/5
  1538 | D:2      | Found a sacrificial altar of Ru.
  1635 | D:2      | Reached skill level 5 in Dodging
  2123 | D:3      | Found a runed translucent gate.
  2128 | D:3      | Found a runed translucent gate.
  2129 | D:3      | Found a runed translucent gate.
  2132 | D:3      | Noticed Nebesus's ghost (amateur GrHu)
  2184 | D:3      | Reached skill level 1 in Armour
  2197 | D:3      | Noticed Sigmund
  2584 | D:3      | Killed Sigmund
  2584 | D:3      | Reached skill level 7 in Polearms
  2584 | D:3      | Reached XP level 6. HP: 47/47 MP: 6/6
  3025 | D:4      | Reached XP level 7. HP: 52/52 MP: 7/7
  3092 | D:4      | Noticed Duvessa
  3092 | D:4      | Noticed Dowan
  3115 | D:4      | Slain by Duvessa

Levels and vault maps discovered:
D:1:      ebering_hopf_link, layout_loops_corners, minmay_tree_intersection,
          serial_bayou_crossing
D:2:      layout_loops_ring, marbit_many_paths, nicolae_gozag_zags_fifth_avenue,
          elyvilon_altar_5
D:3:      layout_basic, gammafunk_ghost_split, uniq_sigmund
D:4:      layout_basic, lemuel_round_altar, tso_altar, first_ration,
          kennysheep_diamond, minivault_19, uniq_ijyb, uniq_crazy_yiuf_cottage,
          uniq_duvessa

Skill      XL: |  1  2  3  4  5 |
---------------+----------------+-----
Polearms       | 5 6 7 |  7.9
Stealth        | 1 2 |  2.4
Dodging        | 5 |  5.8
Armour         | 1 |  1.9
Fighting       | 3 |  3.3
Throwing       | |  2.1

Action                   |  1- 3 |  4- 6 |  7- 9 || total
-------------------------+-------+-------+-------++-------
Melee: Trident           |    65 |   164 |    23 ||   252
       Tailslap          |     1 |       |       ||     1
Throw: Throwing net      |     3 |       |       ||     3
  Use: Potion            |       |       |     6 ||     6
 Stab: Sleeping          |     2 |     1 |     1 ||     4
       Held in net/web   |     1 |       |       ||     1
  Eat: Chunk             |     1 |     2 |       ||     3
       Ration            |       |     1 |       ||     1
Armor: Leather armour    |    13 |    47 |     6 ||    66
       Skin              |       |       |     3 ||     3
Dodge: Dodged            |    25 |   176 |    13 ||   214
